 Dungeon Crawl Stone Soup version 0.29-a0-664-gff9cad4a3d (webtiles) character file.

Game seed: 590834372503627948

3003 lunkers the Zephyrmancer (level 10, -11/69 HPs)
             Began as a Meteoran Air Elementalist on June 22, 2022.
             Was a Follower of Vehumet.
             Mangled by an orc warlord
             ... wielding a +0 war axe
              (20 damage)
             ... in a bailey on June 23, 2022.
             The game lasted 00:20:04 (2904 turns).

lunkers the Zephyrmancer (MeAE)                     Turns: 2904, Time: 00:20:04

Health: -11/69     AC: 12    Str: 11    XL:     10   Next: 31%
Magic:  18/33      EV: 11    Int: 21    God:    Vehumet [*.....]
Gold:   224        SH:  0    Dex: 14    Spells: 18/28 levels left

rFire   . . .      SeeInvis .   (no weapon)
rCold   + . .      Faith    .   (no shield)
rNeg    . . .      Spirit   .   u - +0 acid dragon scales
rPois   .          Reflect  .   s - +2 helmet of Entitlement {+Blink}
rElec   .          Harm     .   (no cloak)
rCorr   +          Rampage  .   e - +1 pair of gloves
Will    +....                   i - +0 pair of boots
Stlth   +.........              (no amulet)
HPRegen 0.21/turn               d - ring of protection from cold
MPRegen 0.23/turn               k - ring of magical power

@: glowing
A: sense surroundings 2, otherworldly, glowing, explore regen
a: Renounce Religion, Evoke Blink


You were in a bailey.
You worshipped Vehumet.
Vehumet was aware of your devotion.
You visited 2 branches of the dungeon, and saw 8 of its levels.
You also visited: Bailey.

You collected 224 gold pieces.

Inventory:

Hand Weapons
 m - a +0 vorpal spear
Missiles
 l - 2 throwing nets
Armour
 e - a +1 pair of gloves (worn)
 i - a +0 pair of boots (worn)
 s - the +2 helmet of Entitlement (worn) {+Blink}
   (You took it off Robin on level 4 of the Dungeon)

   +Blink:    It lets you blink.
 u - +0 acid dragon scales (worn)
 x - the +3 ring mail of Vomugh {rElec rF++ rC- rCorr}
   (You found it on level 5 of the Dungeon)

   rF:        It greatly protects you from fire.
   rC:        It makes you vulnerable to cold.
   rElec:     It insulates you from electricity.
   rCorr:     It protects you from acid and corrosion.
Jewellery
 d - a ring of protection from cold (left hand)
 k - a ring of magical power (right hand)
 n - a ring of fire
Wands
 j - a wand of polymorph (10)
 o - a wand of iceblast (2)
 q - a wand of quicksilver (6)
Scrolls
 a - 2 scrolls of fear
 f - a scroll of amnesia
 t - a scroll of acquirement
 y - 2 scrolls of teleportation
Potions
 b - 3 potions of magic
 c - 4 potions of heal wounds
 g - a potion of brilliance
 h - a potion of cancellation {unknown}
 p - 3 potions of flight
 r - 2 potions of might {unknown}
 v - 3 potions of mutation {unknown}
 w - 2 potions of curing
Miscellaneous
 z - a tin of tremorstones (2/2)


   Skills:
 - Level 2.4 Dodging
 - Level 1.4 Stealth
 + Level 9.6 Spellcasting
 - Level 1.2 Conjurations
 * Level 13.3 Air Magic


You had 18 spell levels left.
You knew the following spells:

 Your Spells              Type           Power      Damage    Failure   Level
a - Airstrike             Air            30%        N/A       1%          4
b - Static Discharge      Conj/Air       40%        N/A       1%          2
c - Shock                 Conj/Air       100%       1d9       1%          1
d - Swiftness             Air            60%        N/A       1%          3

Your spell library contained the following spells:

 Spells                   Type           Power      Damage    Failure   Level
 Sandblast                Erth           20%        2d7       11%         1
 Ozocubu's Armour         Ice            10%        N/A       32%         3
 Sticky Flame             Conj/Fire      12%        2d4       63%         4
 Dispel Undead            Necr           10%        3d9       71%         4
 Ozocubu's Refrigeration  Ice            5%         4d6       100%        7


Dungeon Overview and Level Annotations

Branches:
Dungeon (7/15) Zot: 1898   Temple (1/1) D:6 Zot: 292  Bailey (1/1) Zot: 300

Altars:
Ashenzari
Cheibriados
Dithmenos
Elyvilon
Gozag
Kikubaaqudgha
Makhleb
Nemelex Xobeh
Okawaru
Qazlal
Ru
Sif Muna
Trog
Uskayaw
Vehumet
Wu Jian
Xom
Zin

Shops:
D:4 *:?!


Innate Abilities, Weirdness & Mutations

You passively map the area around you.
You are easily found by Zot.
You glow in the dark.
You regain HP and MP as you explore.


Message History

Really attack while wielding nothing?
Okay, then.
Unknown command.
Casting: Airstrike (safe; 1% risk of failure)
Confirm with . or Enter, or press ? or * to list all spells.
Aiming: Airstrike (safe; 1% risk of failure)
Press: ? - help, Dir - move target, f/p - orc warlord
Aim: an orc warlord, wielding a +0 war axe and wearing a +0 chain mail (heavily wounded, empty space bonus: 7/8)
The air twists around and strikes the orc warlord!
The orc warlord is severely wounded.
The orc warlord hits you with a +0 war axe!!
Unknown command.
Casting: Airstrike (safe; 1% risk of failure)
Confirm with . or Enter, or press ? or * to list all spells.
Aiming: Airstrike (safe; 1% risk of failure)
Press: ? - help, Dir - move target, f/p - orc warlord
Aim: an orc warlord, wielding a +0 war axe and wearing a +0 chain mail (severely wounded, empty space bonus: 7/8)
The air twists around and strikes the orc warlord!
The orc warlord is severely wounded.
The orc warlord hits you with a +0 war axe!
* * * LOW HITPOINT WARNING * * *
Casting: Airstrike (safe; 1% risk of failure)
Confirm with . or Enter, or press ? or * to list all spells.
Aiming: Airstrike (safe; 1% risk of failure)
Press: ? - help, Dir - move target, f/p - orc warlord
Aim: an orc warlord, wielding a +0 war axe and wearing a +0 chain mail (severely wounded, empty space bonus: 7/8)
The air twists around and strikes the orc warlord!
The orc warlord is almost dead.
The orc warlord hits you with a +0 war axe!!
* * * LOW HITPOINT WARNING * * *
Unknown command.
Casting: Airstrike (safe; 1% risk of failure)
Confirm with . or Enter, or press ? or * to list all spells.
Aiming: Airstrike (safe; 1% risk of failure)
Press: ? - help, Dir - move target, f/p - orc warlord
Aim: an orc warlord, wielding a +0 war axe and wearing a +0 chain mail (almost dead, empty space bonus: 7/8)
The air twists around and strikes the orc warlord!
The orc warlord is almost dead.
The orc warlord hits you with a +0 war axe!!
You die...

##.....##.......##...
##.......##≈≈≈)(##...8
##..8..8...#≈≈≈≈≈#.....
#..........#≈≈≈≈≈#.....
#.........)'.()..'....8
#...8......#########...
##......####≈≈≈#≈≈≈##..
##...o.#≈≈#≈......≈#..
##..@.#≈.........≈#..
#...##≈8.8...8.8##..
#...'≈≈.........#..(
#...'≈≈....∩....#...
#(()'≈≈.........#...
#...##≈8.8...8.8##..
##....#≈.........≈#..
##.....#≈≈#≈......≈#..
##......####≈≈≈#≈≈≈##..


You could see an orc warlord.

Vanquished Creatures
  A manticore (D:7)
  Maggie (D:6)
  Prince Ribbit (D:6)
  Grinder (D:6)
  2 steam dragons
  Menkaure (D:6)
  4 orc warriors (Bailey)
  A black bear (D:6)
  2 ice beasts
  2 bullfrogs
  A scorpion (D:6)
  5 killer bees (D:7)
  3 hounds
  3 jellies
  2 iguanas
  An orc wizard (D:5)
  Robin (D:4)
  4 gnolls (D:5)
  5 adders
  A shadow imp (D:6)
  3 white imps
  An ufetubus (D:6)
  A worm (D:4)
  3 dart slugs
  10 orcs
  2 bats
  3 endoplasms
  3 giant cockroaches
  9 goblins
  10 hobgoblins
  4 jackals (D:5)
  13 kobolds
  2 ball pythons
  A frilled lizard (D:1)
  2 rats (D:1)
109 creatures vanquished.

Vanquished Creatures (others)
  A fungus (D:2)
1 creature vanquished.

Grand Total: 110 creatures vanquished

Notes
Turn   | Place    | Note
-------+----------+-------------------------------------------
     0 | D:1      | lunkers the Meteoran Air Elementalist began the quest for
                  | the Orb.
     0 | D:1      | Reached XP level 1. HP: 14/14 MP: 5/5
    46 | D:1      | Reached XP level 2. HP: 20/20 MP: 2/6
    51 | D:1      | Learned a level 2 spell: Static Discharge
   111 | D:1      | Reached skill level 4 in Air Magic
   221 | D:2      | Reached XP level 3. HP: 17/26 MP: 4/8
   281 | D:2      | Found a faded altar of an unknown god.
   568 | D:4      | Reached XP level 4. HP: 29/33 MP: 10/10
   593 | D:4      | Learned a level 4 spell: Airstrike
   603 | D:4      | Reached skill level 5 in Air Magic
   607 | D:4      | Learned a level 3 spell: Swiftness
   616 | D:4      | Found Worch's Magic Scroll Shop.
   629 | D:4      | Found Xistimuxt's Distillery.
   650 | D:4      | Found Pule's Book Emporium.
   797 | D:4      | Found Bunom's Assorted Antiques.
   801 | D:4      | Reached XP level 5. HP: 38/38 MP: 11/11
   873 | D:4      | Identified the +2 helmet of Entitlement {+Blink}
   873 | D:4      | Noticed Robin
   879 | D:4      | Killed Robin
   918 | D:4      | Reached skill level 6 in Air Magic
   970 | D:5      | Entered Level 5 of the Dungeon
  1100 | D:5      | Reached XP level 6. HP: 38/45 MP: 13/13
  1350 | D:5      | Identified the +3 ring mail of Vomugh {rElec rF++ rC-
                  | rCorr}
  1477 | D:5      | HP: 2/45 [/static electricity (3)]
  1479 | D:5      | Reached skill level 7 in Air Magic
  1523 | D:6      | Noticed a black bear
  1526 | D:6      | Killed a black bear
  1527 | D:6      | Reached skill level 5 in Spellcasting
  1527 | D:6      | Reached XP level 7. HP: 27/50 MP: 10/15
  1544 | D:6      | Found an ornate altar of the Wu Jian Council.
  1559 | D:6      | Found a staircase to the Ecumenical Temple.
  1566 | Temple   | Entered the Ecumenical Temple
  1802 | Temple   | Became a worshipper of Vehumet
  1984 | D:6      | Noticed Prince Ribbit
  1987 | D:6      | Killed Prince Ribbit
  1988 | D:6      | Reached skill level 8 in Air Magic
  1988 | D:6      | Reached XP level 8. HP: 57/57 MP: 14/17
  2007 | D:6      | Noticed a steam dragon
  2015 | D:6      | Killed a steam dragon
  2016 | D:6      | Reached skill level 9 in Air Magic
  2067 | D:6      | Noticed Grinder
  2079 | D:6      | Killed Grinder
  2080 | D:6      | Reached skill level 10 in Air Magic
  2080 | D:6      | Gained mutation: You passively map the area around you.
                  | [Meteoran growth]
  2080 | D:6      | Reached XP level 9. HP: 53/62 MP: 0/20
  2098 | D:6      | Noticed Maggie
  2104 | D:6      | Noticed Menkaure
  2106 | D:6      | Killed Menkaure
  2126 | D:6      | Killed Maggie
  2127 | D:6      | Reached skill level 11 in Air Magic
  2390 | D:7      | Found a sacrificial altar of Ru.
  2444 | D:7      | Reached skill level 12 in Air Magic
  2578 | D:7      | Noticed a manticore
  2586 | D:7      | Killed a manticore
  2587 | D:7      | Reached XP level 10. HP: 36/69 MP: 1/24
  2593 | D:7      | Found a flagged portal.
  2611 | Bailey   | Entered a bailey
  2619 | Bailey   | Reached skill level 13 in Air Magic
  2619 | Bailey   | Reached * piety under Vehumet
  2619 | Bailey   | Offered knowledge of Sandblast by Vehumet.
  2650 | Bailey   | Noticed an orc warlord
  2752 | Bailey   | Found a runed translucent gate.
  2753 | Bailey   | Found a runed translucent gate.
  2755 | Bailey   | Found a runed translucent gate.
  2904 | Bailey   | Mangled by an orc warlord

Illustrated notes

Levels and vault maps discovered:
D:1:      minmay_arrival_shattered_statue, layout_basic
D:2:      layout_basic, dreamdust_ecumenical_altar_grove
D:3:      layout_loops_ring
D:4:      layout_loops_cross, serial_shops, shop_statue, shop, shop, shop,
          nicolae_stop_n_shop_1, uniq_robin
D:5:      layout_basic, bh_walls_and_bars
D:6:      layout_gridville, mainiacjoe_overflow_concentric_impassable,
          minmay_temple_entry_trees, minmay_bent, uniq_menkaure,
          uniq_prince_ribbit1, uniq_grinder, uniq_maggie
D:7:      layout_basic, nicolae_ru_sacrificial_ziggurat, enter_bailey_2,
          uniq_crazy_yiuf_cottage
Temple:   minmay_temple_bridge_d
Bailey:   bailey_axe_bossmonster_kennysheep, bailey

Skill      XL: |  1  2  3  4  5  6  7  8  9 10 |
---------------+-------------------------------+-----
Air Magic      | 4 5 6 7 8 10 12 13 | 13.3
Spellcasting   | 3 4 5 7 9 |  9.6
Dodging        | |  2.4
Stealth        | |  1.4
Conjurations   | |  1.2

Action                   |  1- 3 |  4- 6 |  7- 9 | 10-12 || total
-------------------------+-------+-------+-------+-------++-------
Melee: Unarmed           |     8 |     8 |       |     6 ||    22
 Cast: Shock             |    27 |    34 |       |       ||    61
       Static Discharge  |     7 |    41 |       |    13 ||    61
       Airstrike         |       |     6 |    47 |    26 ||    79
Evoke: Wand              |       |       |     4 |       ||     4
  Use: Scroll            |       |       |     9 |     7 ||    16
Armor: Robe              |    16 |    16 |     7 |       ||    39
       Acid dragon scale |       |       |     5 |    15 ||    20
Dodge: Dodged            |     8 |    22 |    26 |    15 ||    71

Table legend: (Time is in decaauts)
 A = Elapsed time spent in this place.
 B = Non-inter-level travel time spent in this place.
 C = Inter-level travel time spent in this place.
 D = Time resting spent in this place.
 E = Time spent auto-exploring this place.
 F = Levels seen in this place.
 G = Mean time per level.
                   A        B        C        D        E       F      G
               +--------+--------+--------+--------+--------+-----+--------+
         Total |   2907 |   2647 |    260 |     44 |    416 |   9 |  323.0 |
       Dungeon |   2301 |   2112 |    189 |     44 |    202 |   7 |  328.7 |
        Temple |    307 |    236 |     71 |      0 |    214 |   1 |  307.0 |
        Bailey |    298 |    298 |      0 |      0 |      0 |   1 |  298.0 |
               +--------+--------+--------+--------+--------+-----+--------+

Top non-repeatable levels by time:
     D:5: 552 daAuts
     D:4: 450 daAuts
     D:6: 424 daAuts
     D:7: 355 daAuts
  Temple: 307 daAuts
  Bailey: 298 daAuts
     D:1: 211 daAuts
     D:2: 196 daAuts
     D:3: 109 daAuts
